 Dungeon Crawl Stone Soup version 0.31-a0-325-g067879e3d3 (webtiles) character file.

Game seed: 14386846883413574015

46 derpindaisy the Shield-Bearer (level 3, -6/24 HPs)
             Began as a Gargoyle Fighter on July 18, 2023.
             Killed by divine providence
             ... invoked by an orc priest
              (17 damage)
             ... on level 3 of the Dungeon.
             The game lasted 00:02:50 (1511 turns).

derpindaisy the Shield-Bearer (Gargoyle Fighter)    Turns: 1511, Time: 00:02:51

Health: -6/24      AC: 10    Str: 17 (19) XL:     3   Next: 66%
Magic:  3/3        EV:  9    Int:  5 (8)  God:
Gold:   79         SH:  0    Dex: 14 (17) Spells: 2/2 levels left

rFire   + . .        a - +0 flail
rCold   + . .        c - +0 buckler
rNeg    + . .        b - +0 scale mail
rPois   ∞            (no helmet)
rElec   +            (no cloak)
rCorr   +            (no gloves)
SInv    .            (no boots)
Will    .....        (no amulet) Stlth
                     l - +6 ring of dexterity
HPRegen 0.24/turn    (no ring)
MPRegen 0.08/turn

%: no passive effects
@: confused, mighty, resistant, ambrosia-drunk
A: sickness immunity, AC +3, negative energy resistance 1, electricity
resistance, torment resistance 1, petrification resistance
a: no special abilities


You were on level 3 of the Dungeon.
You visited 1 branch of the dungeon, and saw 3 of its levels.

You collected 79 gold pieces.

Inventory:

Hand Weapons
 a - a +0 flail (weapon)
Armour
 b - a +0 scale mail (worn)
 c - a +0 buckler (worn)
Jewellery
 l - a +6 ring of dexterity (left hand)
Scrolls
 e - a scroll of enchant weapon {unknown}
 f - 2 scrolls of summoning {unknown}
 h - a scroll of identify {unknown}
 i - 2 scrolls of immolation {unknown}
 k - a scroll of acquirement {unknown}
 n - a scroll of enchant armour {unknown}
Potions
 g - a potion of degeneration


   Skills:
 + Level 3.8 Fighting
 + Level 2.4 Maces & Flails
 + Level 3.8 Armour
 + Level 3.8 Shields


You had 2 spell levels left.
You didn't know any spells.
Your spell library contained the following spells:

 Spells                   Type           Power      Damage    Failure   Level
 Animate Armour           Summ/Erth      0%         N/A       100%        4
 Summon Lightning Spire   Summ/Air       0%         N/A       100%        4
 Lee's Rapid Deconstruct  Erth           0%         3d4*      100%        5


Dungeon Overview and Level Annotations

Branches:
Dungeon (3/15)

Altars:

Shops:
D:1 :[


Innate Abilities, Weirdness & Mutations

You are immune to sickness and miasma.
Your stone body is resilient. (AC +3)
You are immune to poison.
You resist negative energy. (rN+)
You are resistant to electric shocks. (rElec)
You are resistant to unholy torment.
You are immune to petrification.


Message History

Ouch! That really hurt!
* * * LOW HITPOINT WARNING * * *
You are too injured to fight recklessly!
You are too injured to fight recklessly!
You are too injured to fight recklessly!
Okay, then.
It was a potion of degeneration.
There was something very wrong with that liquid.
You feel weakened.
You feel dopey.
You feel clumsy. The endoplasm closely misses you.
It was a potion of ambrosia.
You are confused.
You feel invigorated. The endoplasm misses you.
It was a potion of resistance.
You feel protected.
A rat comes into view.
The endoplasm hits you but does no damage.
You are too confused!
The endoplasm freezes you.
You are frozen.
You resist.
The orc priest hits you with a +0 trident.
* * * LOW HITPOINT WARNING * * *
You feel very mighty all of a sudden.
The endoplasm jiggles.
The endoplasm completely misses you.
The orc priest hits you with a +0 trident.
* * * LOW HITPOINT WARNING * * *
The orc priest attacks as you move away!
The orc priest hits you with a +0 trident.
* * * LOW HITPOINT WARNING * * *
The endoplasm freezes you.
You are frozen.
You resist.
* * * LOW HITPOINT WARNING * * *
The orc priest completely misses you.
You are too confused!
The endoplasm attacks as you move away! The endoplasm barely misses you.
The orc priest mumbles some strange prayers to Beogh against you.
Beogh smites you!
Ouch! That really hurt!
You die...

...###########
.............
###.#...#....
......[...### #..#.....#..
..# #..#....#.# ##.#
#.#.#......#.# ...
#.....#J..#.#####.######
###..or@....#...#....#.#
....#....#....#.#......
###.#...#......#.#.##.#
#.#..#...##.........<#
(.#................#.####
###.........#......#......
#####.#..#####...#..####
.....# ##..#..# .. ##>#..#


You could see an orc priest, an endoplasm and a rat.

Vanquished Creatures
  An adder (D:2)
  A worm (D:2)
  A dart slug (D:1)
  3 bats (D:1)
  2 endoplasms
  4 giant cockroaches
  A goblin (D:2)
  3 hobgoblins
  A quokka (D:1)
  3 ball pythons
  3 frilled lizards (D:1)
  5 kobolds
  3 rats (D:1)
31 creatures vanquished.

Notes
Turn   | Place    | Note
-------+----------+-------------------------------------------
     0 | D:1      | derpindaisy the Gargoyle Fighter began the quest for the
                  | Orb.
     0 | D:1      | Reached XP level 1. HP: 14/14 MP: 1/1
   119 | D:1      | Reached XP level 2. HP: 19/19 MP: 2/2
   285 | D:1      | Found Axkufoes's Antique Armour Shoppe.
   436 | D:1      | Found Xiraes's Book Boutique.
   450 | D:1      | Reached XP level 3. HP: 18/24 MP: 3/3
  1511 | D:3      | Killed from afar by an orc priest

Illustrated notes

Levels and vault maps discovered:
D:1:      dpeg_arrival_prison, layout_rooms, serial_shops, nicolae_shop_crystal,
          shop_statue
D:2:      layout_loops_corners
D:3:      layout_basic, serial_shops, nicolae_shop_window_shopping,
          minmay_increasing_density

Action                     || total
---------------------------++-------
  Melee: Flail             ||   103
    Use: Potion            ||     4
 Armour: Scale mail        ||    52
  Dodge: Dodged            ||    60
  Block: Buckler           ||    21

Table legend: (Time is in decaauts)
 A = Elapsed time spent in this place.
 B = Non-inter-level travel time spent in this place.
 C = Inter-level travel time spent in this place.
 D = Time resting spent in this place.
 E = Time spent auto-exploring this place.
 F = Levels seen in this place.
 G = Mean time per level.
                   A        B        C        D        E       F      G
               +--------+--------+--------+--------+--------+-----+--------+
         Total |   1544 |   1508 |     36 |    107 |   1149 |   3 |  514.7 |
       Dungeon |   1544 |   1508 |     36 |    107 |   1149 |   3 |  514.7 |
               +--------+--------+--------+--------+--------+-----+--------+

Top non-repeatable levels by time:
     D:2: 945 daAuts
     D:1: 559 daAuts
     D:3: 39 daAuts
